 Dungeon Crawl Stone Soup version 0.27-a0-1319-geec4fb4e21 (webtiles) character file.

Game seed: 18032448437244968546

83 dolemite99 the Insei (level 4, -1/33 HPs)
             Began as a Djinni Transmuter on June 22, 2021.
             Slain by a water moccasin (6 damage)
             ... on level 3 of the Dungeon.
             The game lasted 00:04:42 (4685 turns).

dolemite99 the Insei (Djinni Transmuter)            Turns: 4685, Time: 00:04:43

Health: -1/33      AC:  3    Str: 10    XL:     4   Next: 71%
Gold:   97         EV: 13    Int: 14    God:
                   SH:  0    Dex: 14

rFire    + + .     SeeInvis .     - Unarmed
rCold    x . .     Faith    .   (no shield)
rNeg     . . .     Spirit   .   a - +0 robe
rPois    ∞         Reflect  .   (helmet currently unavailable)
rElec    .         Harm     .   o - +0 cloak
rCorr    .         Rampage  .   (no gloves)
Will     .....                  (boots unavailable)
Stlth    +.........             (no amulet)
HPRegen  0.11/turn              (no ring)
MPRegen  0.00/turn              (no ring)

@: appendages, flying
A: horns 2, flying, sickness immunity, fire resistance 2, cold vulnerability 1,
float, innate caster, hp casting, extra vitality 1
a: End Transformation


You were on level 3 of the Dungeon.
You had temporarily grown beastly horns.
You visited 1 branch of the dungeon, and saw 3 of its levels.

You collected 97 gold pieces.

Inventory:

Hand Weapons
 b - a +2 war axe of electrocution
Missiles
 c - 9 poisoned darts (quivered)
 d - 63 stones
 i - 5 javelins
 n - 20 arrows
Armour
 a - a +0 robe (worn)
 f - a +0 hat
 g - a +2 helmet (melded)
 h - a +0 ring mail
 o - a +0 cloak (worn)
Wands
 e - a wand of digging (8)
Potions
 j - 2 potions of brilliance
 k - a potion of resistance


   Skills:
 + Level 2.1 Fighting
 + Level 3.1 Dodging
 + Level 3.6 Unarmed Combat
 + Level 2.2 Spellcasting


You couldn't memorise any spells.
You knew the following spells:

 Your Spells              Type           Power      Damage    Failure   Level
a - Beastly Appendage     Tmut           14%        N/A       10%         1
b - Wereblood             Tmut           7%         N/A       14%         2
c - Spider Form           Tmut/Pois      3%         N/A       28%         3
d - Ice Form              Ice/Tmut       7%         N/A       67%         4
e - Freeze                Ice            28%        1d5       10%         1
Your spell library was empty.

Dungeon Overview and Level Annotations

Branches:
Dungeon (3/15)

Altars:
Xom

Shops:
D:1 =


Innate Abilities, Weirdness & Mutations

You have temporarily grown beastly horns.
You are flying.
You are immune to sickness and miasma.
You are immune to poison.
Your flesh is very heat resistant. (rF++)
You are vulnerable to cold. (rC-)
You float through the air rather than walking.
You learn spells naturally, not from books.
Your magical power is your life essence.
You have superior vitality. (+4 HP)


Message History

A water moccasin comes into view.
There is an open door here.
A water moccasin is nearby!
You see here a ball python skeleton.
The water moccasin hisses angrily.
Casting: Beastly Appendage (safe; 10% risk of failure)
Confirm with . or Enter, or press ? or * to list all spells.
You miscast Beastly Appendage.
You are very lightly contaminated with residual magic.
Nothing appears to happen.
Casting: Beastly Appendage (safe; 10% risk of failure)
Confirm with . or Enter, or press ? or * to list all spells.
You grow a pair of large bovine horns.
Your +2 helmet melds into your body.
The water moccasin barely misses you. The water moccasin bites you.
The water moccasin bites you!
You closely miss the water moccasin.
Your headbutt misses the water moccasin.
The water moccasin bites you but does no damage.
You closely miss the water moccasin.
The water moccasin completely misses you.
The water moccasin bites you!
You barely miss the water moccasin. The water moccasin bites you.
* * * LOW HITPOINT WARNING * * *
You barely miss the water moccasin.
Your headbutt misses the water moccasin.
Your punch misses the water moccasin. The water moccasin closely misses you.
You hit the water moccasin.
The water moccasin is lightly wounded.
The water moccasin barely misses you.
A ball python comes into view.
The water moccasin bites you.
* * * LOW HITPOINT WARNING * * *
Your magical contamination has completely faded away.
Okay, then.
You miss the water moccasin.
The ball python hisses angrily.
You headbutt the water moccasin!
The water moccasin is moderately wounded.
The water moccasin bites you.
You die...

.≈. ≈≈≈..# ≈≈
≈≈.♣.# ## ≈.≈.≈..#
.. ≈♣.≈..# ##.
≈.... .. ♣S.# ##.
#'# #.. #S# # #..
#@#####.#.#..#.#..
#...............<)
#..####^####.####†
#..# .... #.#....
#..#.......#.#....
#..#.......#......
#..#..._...^.#####
#..#.......#......
#..#.......#..####


You could see a water moccasin and a ball python.

Vanquished Creatures
  Crazy Yiuf (D:2)
  An adder (D:3)
  2 worms
  3 dart slugs
  4 orcs
  2 bats
  2 endoplasms
  A giant cockroach (D:3)
  A goblin (D:2)
  A hobgoblin (D:3)
  3 quokkas
  3 ball pythons
  3 frilled lizards (D:2)
  2 kobolds
  4 rats
33 creatures vanquished.

Vanquished Creatures (others)
  42 plants (D:3)
42 creatures vanquished.

Grand Total: 75 creatures vanquished

Notes
Turn   | Place    | Note
-------+----------+-------------------------------------------
     0 | D:1      | dolemite99 the Djinni Transmuter began the quest for the
                  | Orb.
     0 | D:1      | Reached XP level 1. HP: 17/17 MP: 0/0
   634 | D:1      | Found Jaitudera's Jewellery Emporium.
  1277 | D:1      | Reached XP level 2. HP: 15/22 MP: 0/0
  1395 | D:1      | You are sucked into a shaft and drop 1 floor!
  1987 | D:2      | Reached XP level 3. HP: 24/27 MP: 0/0
  1987 | D:2      | Learned a level 1 spell: Freeze
  2584 | D:2      | Found a runed translucent door.
  2585 | D:2      | Noticed Crazy Yiuf
  2945 | D:2      | Killed Crazy Yiuf
  2946 | D:2      | Reached XP level 4. HP: 10/33 MP: 0/0
  3479 | D:2      | HP: 1/33 [orc (3)]
  4205 | D:3      | Found a shimmering altar of Xom.
  4674 | D:3      | Noticed a water moccasin
  4685 | D:3      | Slain by a water moccasin

Illustrated notes

Levels and vault maps discovered:
D:1:      dpeg_arrival_central, layout_basic, serial_shops, shop
D:2:      layout_basic, minmay_surrounded, uniq_crazy_yiuf_cottage
D:3:      layout_basic, lemuel_tele_altar,
          chequers_ecumenical_altar_simple_redux, serial_bayou,
          serial_bayou_pond_b, serial_bayou_ford_a, serial_bayou_lake_a,
          serial_bayou_lagoon_a

Skill      XL: |  1  2  3  4 |
---------------+-------------+-----
Fighting       | 2 |  2.1
Spellcasting   | 2 |  2.2
Dodging        | 3 |  3.1
Unarmed Combat | |  3.6

Action                   |  1- 3 |  4- 6 || total
-------------------------+-------+-------++-------
Melee: Unarmed           |    73 |    56 ||   129
       Headbutt          |    11 |     4 ||    15
       Punch             |     2 |     1 ||     3
Throw: Dart              |       |     4 ||     4
 Cast: Beastly Appendage |    20 |     6 ||    26
       Spider Form       |     1 |       ||     1
  Use: Scroll            |     2 |     2 ||     4
       Potion            |       |     1 ||     1
Armor: Robe              |    23 |     9 ||    32
Dodge: Dodged            |    58 |    42 ||   100

Table legend: (Time is in decaauts)
 A = Elapsed time spent in this place.
 B = Non-inter-level travel time spent in this place.
 C = Inter-level travel time spent in this place.
 D = Time resting spent in this place.
 E = Time spent auto-exploring this place.
 F = Levels seen in this place.
 G = Mean time per level.
                   A        B        C        D        E       F      G
               +--------+--------+--------+--------+--------+-----+--------+
         Total |   4658 |   4613 |     45 |   2365 |   1758 |   3 | 1552.7 |
       Dungeon |   4658 |   4613 |     45 |   2365 |   1758 |   3 | 1552.7 |
               +--------+--------+--------+--------+--------+-----+--------+

Top non-repeatable levels by time:
     D:2: 2553 daAuts
     D:1: 1393 daAuts
     D:3: 711 daAuts
